[gd_scene load_steps=10 format=2]

[ext_resource path="res://Scripts/Level5.gd" type="Script" id=1]
[ext_resource path="res://tiles/test.tres" type="TileSet" id=2]
[ext_resource path="res://Scenes/Player.tscn" type="PackedScene" id=3]
[ext_resource path="res://Scenes/xEnemy.tscn" type="PackedScene" id=4]
[ext_resource path="res://Scenes/yEnemy.tscn" type="PackedScene" id=5]
[ext_resource path="res://Scenes/LevelComplete.tscn" type="PackedScene" id=6]
[ext_resource path="res://Scripts/Level5Complete.gd" type="Script" id=7]
[ext_resource path="res://Scenes/DialogBox.tscn" type="PackedScene" id=8]
[ext_resource path="res://Songs/House In a Forest Loop.ogg" type="AudioStream" id=9]

[node name="Level5" type="Node2D"]

script = ExtResource( 1 )

[node name="TileMap" type="TileMap" parent="." index="0"]

mode = 0
tile_set = ExtResource( 2 )
cell_size = Vector2( 64, 64 )
cell_quadrant_size = 16
cell_custom_transform = Transform2D( 1, 0, 0, 1, 0, 0 )
cell_half_offset = 2
cell_tile_origin = 0
cell_y_sort = false
cell_clip_uv = false
collision_use_kinematic = false
collision_friction = 1.0
collision_bounce = 0.0
collision_layer = 1
collision_mask = 1
occluder_light_mask = 1
format = 1
tile_data = PoolIntArray( 0, 1, 0, 1, 1, 0, 2, 1, 0, 3, 1, 0, 4, 1, 0, 5, 1, 0, 6, 1, 0, 7, 1, 0, 8, 1, 0, 9, 1, 0, 10, 1, 0, 11, 1, 0, 12, 1, 0, 13, 1, 0, 14, 1, 0, 15, 1, 0, 65536, 1, 0, 65544, 1, 0, 65551, 1, 0, 131072, 1, 0, 131080, 1, 0, 131087, 1, 0, 196608, 1, 0, 196609, 1, 0, 196610, 1, 0, 196612, 1, 0, 196613, 1, 0, 196614, 1, 0, 196616, 1, 0, 196617, 1, 0, 196618, 1, 0, 196620, 1, 0, 196623, 1, 0, 262144, 1, 0, 262145, 1, 0, 262146, 1, 0, 262150, 1, 0, 262156, 1, 0, 262160, 1, 0, 327680, 1, 0, 327686, 1, 0, 327688, 1, 0, 327689, 1, 0, 327692, 1, 0, 327693, 1, 0, 327694, 1, 0, 327695, 1, 0, 393216, 1, 0, 393219, 1, 0, 393220, 1, 0, 393221, 1, 0, 393222, 1, 0, 393223, 1, 0, 393226, 1, 0, 393227, 1, 0, 393228, 1, 0, 393229, 1, 0, 458752, 1, 0, 458767, 1, 0, 524288, 1, 0, 524289, 1, 0, 524290, 1, 0, 524291, 1, 0, 524292, 1, 0, 524293, 1, 0, 524294, 1, 0, 524295, 1, 0, 524296, 1, 0, 524297, 1, 0, 524298, 1, 0, 524299, 1, 0, 524300, 1, 0, 524301, 1, 0, 524302, 1, 0, 524303, 1, 0 )

[node name="Player" parent="." index="1" instance=ExtResource( 3 )]

position = Vector2( 993.856, 291.907 )

[node name="xEnemy" parent="." index="2" instance=ExtResource( 4 )]

position = Vector2( 572.507, 291.639 )
speed = 150

[node name="xEnemy2" parent="." index="3" instance=ExtResource( 4 )]

position = Vector2( 740.282, 485.225 )
speed = 150

[node name="xEnemy3" parent="." index="4" instance=ExtResource( 4 )]

position = Vector2( 288.581, 485.225 )
speed = 150

[node name="xEnemy4" parent="." index="5" instance=ExtResource( 4 )]

position = Vector2( 347.947, 100.634 )
speed = 150

[node name="yEnemy" parent="." index="6" instance=ExtResource( 5 )]

position = Vector2( 741.643, 352.173 )
speed = 150

[node name="yEnemy2" parent="." index="7" instance=ExtResource( 5 )]

position = Vector2( 92.7734, 414.121 )
speed = 150

[node name="yEnemy3" parent="." index="8" instance=ExtResource( 5 )]

position = Vector2( 229.574, 225.697 )
speed = 150

[node name="LevelComplete" parent="." index="9" instance=ExtResource( 6 )]

position = Vector2( 1058.71, 415.827 )
script = ExtResource( 7 )

[node name="DialogBox" parent="." index="10" instance=ExtResource( 8 )]

[node name="BackgroundMusic" type="AudioStreamPlayer" parent="." index="11"]

stream = ExtResource( 9 )
volume_db = 0.0
pitch_scale = 1.0
autoplay = true
mix_target = 0
bus = "Master"

[connection signal="hide" from="DialogBox" to="Player" method="_on_DialogBox_hide"]


